 Dungeon Crawl Stone Soup version 0.22-a0-537-ge9e9f76342 (webtiles) character file.

66 M4edhros the Grave Robber (level 4, -1/27 HPs)
             Began as an Octopode Necromancer on June 23, 2018.
             Slain by an adder (3 damage)
             ... on level 2 of the Dungeon.
             The game lasted 00:01:42 (646 turns).

M4edhros the Grave Robber (Octopode Necromancer)     Turns: 646, Time: 00:01:43

Health: -1/27      AC:  1    Str: 12    XL:     4   Next: 15%
Magic:  3/7        EV: 13    Int: 17    God:
Gold:   123        SH:  0    Dex: 13    Spells: 2/7 levels left

rFire    . . .     SeeInvis .     - Unarmed
rCold    . . .     Gourm    .   (no shield)
rNeg     . . .     Faith    .   (helmet restricted)
rPois    .         Spirit   .   (no amulet)
rElec    .         Reflect  .   (no ring)
rCorr    .         Harm     .   (no ring)
MR       .....                  (no ring)
Stlth    +++.......             (no ring)
HPRegen  0.09/turn              (no ring)
MPRegen  0.10/turn              (no ring)
                                (no ring)
                                (no ring)

@: mighty, lethally poisoned (-1 -> -3)
A: almost no armour, stealthy swim, amphibious, 8 rings, constrict 8, camouflage
1, gelatinous body 1
a: no special abilities


You were on level 2 of the Dungeon.
You were not hungry.

You visited 1 branch of the dungeon, and saw 2 of its levels.

You collected 123 gold pieces.

Inventory:

Scrolls
 f - 2 scrolls of identify {unknown}
 h - a scroll of blinking {unknown}
 i - a scroll of remove curse {unknown}
 k - 3 scrolls of enchant weapon {unknown}
Potions
 a - a potion of ambrosia {unknown}
 c - a potion of magic {unknown}
 e - a potion of curing {unknown}
 g - a potion of might
 j - a potion of berserk rage {unknown}
Comestibles
 b - a ration
 d - 2 chunks of flesh


   Skills:
 - Level 2.0 Dodging
 - Level 2.6 Stealth
 + Level 3.6 Unarmed Combat
 - Level 2.0 Spellcasting
 - Level 4.0 Necromancy


You had 2 spell levels left.
You knew the following spells:

 Your Spells              Type           Power        Failure   Level  Hunger
a - Pain                  Necr           ###.         3%          1    #......
b - Animate Skeleton      Necr           N/A          3%          1    #......
c - Regeneration          Chrm/Necr      #.........   26%         3    ###....

Your spell library contained the following spells:

 Spells                   Type           Power        Failure   Level  Hunger
 Animate Dead             Necr           N/A          36%         4    #####..
 Vampiric Draining        Necr           ###.......   11%         3    ###....


Dungeon Overview and Level Annotations

Branches:
Dungeon (2/15)

Altars:


Innate Abilities, Weirdness & Mutations

You cannot wear most types of armour.
You are very stealthy in the water. (Stealth+)
You are amphibious.
You can wear up to eight rings at the same time.
You can use your tentacles to constrict eight enemies at once.
Your skin changes colour to match your surroundings (Stealth+).
Your rubbery body absorbs attacks. (AC +1, EV +1)


Message History

You tentacle-slap the adder. Your grab misses the adder.
The adder is lightly wounded.
The adder barely misses you. x2; The worm barely misses you.
You swap places.
Your bat skeleton barely misses the adder. x2
The adder bites your bat skeleton.
You swap places.
The adder bites you.
You are poisoned.
The adder poisons you! The worm bites you!
* * * LOW HITPOINT WARNING * * *
You swap places.
* * * LOW HITPOINT WARNING * * *
You feel sick.
Your bat skeleton hits the adder.
Your bat skeleton barely misses the adder.
The adder bites your bat skeleton.
Your bat skeleton is destroyed!
It was a potion of might.
You feel very mighty all of a sudden. The adder bites you.
You die...

..#####..#
#........#
####.###.# #
#.#
#.###.#######
#............
#####Z#######
#Z#######..
#Z@Sw......
####..##...
#...r ..###
.# .# #


You could see a worm, an adder, a rat (sleeping), a friendly ball python
skeleton, a friendly adder skeleton and a friendly kobold skeleton.

Vanquished Creatures
  3 adders (D:2)
  A gnoll (D:1)
  3 dart slugs (D:1)
  A ball python (D:2)
  4 bats
  4 goblins
  2 hobgoblins (D:1)
  2 frilled lizards
  2 kobolds (D:2)
  2 rats (D:2)
24 creatures vanquished.

Vanquished Creatures (collateral kills)
  A leopard gecko (D:1)
  2 rats (D:1)
3 creatures vanquished.

Vanquished Creatures (others)
  A plant (D:1)
1 creature vanquished.

Grand Total: 28 creatures vanquished

Notes
Turn   | Place    | Note
-------+----------+-------------------------------------------
     0 | D:1      | M4edhros the Octopode Necromancer began the quest for the Orb.
     0 | D:1      | Reached XP level 1. HP: 11/11 MP: 3/3
    78 | D:1      | Reached skill level 1 in Unarmed Combat
    78 | D:1      | Reached XP level 2. HP: 17/17 MP: 5/5
    81 | D:1      | Learned a level 1 spell: Animate Skeleton
   354 | D:1      | Reached XP level 3. HP: 8/21 MP: 6/6
   361 | D:1      | Learned a level 3 spell: Regeneration
   619 | D:2      | Reached XP level 4. HP: 21/27 MP: 2/7
   646 | D:2      | Slain by an adder

Vault maps used:
D:1:      onia_arrival_pyramid, serial_bayou, serial_bayou_shore_b,
          serial_bayou_pond_a, serial_bayou_lagoon_a, serial_bayou_shore_b
D:2:      old_standard_altar, tgw_kikubaaqudgha, uniq_natasha, uniq_terence

Skill      XL: |  1  2  3 |
---------------+----------+-----
Unarmed Combat | 1 2 3 |  3.6
Dodging        | |  2.0
Stealth        | |  2.6
Spellcasting   | |  2.0
Necromancy     | |  4.0

Action                   |  1- 3 |  4- 6 || total
-------------------------+-------+-------++-------
Melee: Unarmed           |    73 |     3 ||    76
       Tentacles         |    10 |     2 ||    12
       Constrict         |    22 |     2 ||    24
       Punch             |     1 |     1 ||     2
 Cast: Animate Skeleton  |     8 |     2 ||    10
       Regeneration      |     3 |       ||     3
  Use: Potion            |       |     1 ||     1
 Stab: Sleeping          |     5 |       ||     5
Armor: Skin              |    10 |       ||    10
Dodge: Dodged            |    57 |     8 ||    65

Table legend:
 A = Spawn XP
 B = Non-spawn XP
 C = Spawn XP percentage of total XP
 D = Spawn monster count
 E = Non-spawn monster count
 F = Spawn count percentage of total count
 G = Total turns spent on level
                    A         B        C        D         E        F      G
               +---------+---------+-------+---------+---------+-------+---------
         Total |       0 |      95 |   0.0 |       0 |      27 |   0.0 |   646
               +---------+---------+-------+---------+---------+-------+---------
           D:1 |       0 |      47 |   0.0 |       0 |      16 |   0.0 |   482
           D:2 |       0 |      48 |   0.0 |       0 |      11 |   0.0 |   164
               +---------+---------+-------+---------+---------+-------+---------
